 Dungeon Crawl Stone Soup version 0.31-a0-202-g547052bce9 (webtiles) character file.

Game seed: 10011195131478189660

39 qw the Shooter (level 3, -4/20 HPs)
             Began as a Deep Elf Hunter on June 26, 2023.
             Killed from afar by Natasha (7 damage)
             ... with a magic dart
             ... on level 3 of the Dungeon.
             The game lasted 00:00:20 (1247 turns).

qw the Shooter (Deep Elf Hunter)                    Turns: 1247, Time: 00:00:21

Health: -4/20      AC:  5    Str: 10    XL:     3   Next: 28%
Magic:  5/5        EV: 11    Int: 13    God:
Gold:   52         SH:  0    Dex: 18    Spells: 2/2 levels left

rFire   . . .        Y - +0 shortbow
rCold   . . .        (shield currently unavailable)
rNeg    . . .        d - +0 ring mail
rPois   +            (no helmet)
rElec   .            (no cloak)
rCorr   .            (no gloves)
SInv    .            (no boots)
Will    .....        (no amulet)
Stlth   +            g - ring of poison resistance
HPRegen 0.23/turn    (no ring)
MPRegen 0.09/turn

%: no passive effects
@: about to teleport
A: no striking features
a: no special abilities


You were on level 3 of the Dungeon.
You visited 1 branch of the dungeon, and saw 3 of its levels.

You collected 52 gold pieces.


   Skills:
 - Level 1.5 Fighting
 + Level 6.9 Ranged Weapons
 - Level 2.4 Dodging
 - Level 1.2 Stealth


You had 2 spell levels left.
You didn't know any spells.
Your spell library was empty.

Inventory:

Hand Weapons
 Y - a +0 shortbow (weapon)
Armour
 d - a +0 ring mail (worn)
Jewellery
 g - a ring of poison resistance (left hand)
Scrolls
 a - a scroll of identify
Potions
 h - a potion of haste {unknown}
 i - a potion of curing {unknown}

Dungeon Overview and Level Annotations

Branches:
Dungeon (3/15)

Altars:

Annotations:
D:2 1 runed translucent door, Crazy Yiuf
D:3 Natasha


Message History

The cerulean imp is moderately wounded.
The cerulean imp barely misses you.
Natasha stares at you and mumbles some strange words.
The magic dart hits you.
The cerulean imp hits you with a +0 spear.
You shoot an arrow. The arrow hits the cerulean imp.
The cerulean imp is heavily wounded.
The cerulean imp barely misses you. Natasha claws you.
The cerulean imp closely misses you. x2
You shoot an arrow.
The arrow closely misses the cerulean imp.
The arrow hits the gnoll.
The gnoll is moderately wounded.
Natasha stares at you and mumbles some strange words.
You resist with some effort.
The cerulean imp hits you but does no damage.
The cerulean imp barely misses you.
You shoot an arrow. The arrow hits the cerulean imp!
You kill the cerulean imp!
The cerulean imp disappears in a puff of smoke!
Natasha barely misses you. The cerulean imp closely misses you.
Natasha barely misses you.
You shoot an arrow. The arrow barely misses the gnoll.
The arrow hits the gnoll.
The gnoll is moderately wounded.
The cerulean imp hits you from afar with a +2 spear.
The gnoll barely misses you.
Natasha wildly gestures.
Natasha's front paws start to glow.
Natasha barely misses you.
You shoot an arrow. The arrow hits the gnoll.
The gnoll is heavily wounded.
The cerulean imp hits you from afar with a +2 spear.
The gnoll misses you. Natasha barely misses you.
The gnoll hits you with a +0 flail. The cerulean imp barely misses you.
1247 ||| READING scroll of teleportation.
As you read the scroll of teleportation, it crumbles to dust.
You feel strangely unstable.
Natasha stares at you and mumbles some strange words.
The magic dart hits you!
You die...

##############
#.....@ggg....
#.#####h##....
####'## .5g .
#.....## ##5..
#.....<# .....
#......# ..##
####+#.# .#
#.# .# #.#


You could see Natasha, 4 gnolls and 2 cerulean imps.

Vanquished Creatures
  2 adders (D:2)
  A worm (D:2)
  An endoplasm (D:2)
  3 giant cockroaches
  2 goblins
  2 hobgoblins (D:1)
  2 jackals (D:1)
  A quokka (D:2)
  A frilled lizard (D:1)
  2 rats (D:1)
17 creatures vanquished.

Notes
Turn   | Place    | Note
-------+----------+-------------------------------------------
     0 | D:1      | qw the Deep Elf Hunter began the quest for the Orb.
     0 | D:1      | Reached XP level 1. HP: 12/12 MP: 3/3
     0 | D:1      | 0 ||| qw: Version: 0.3-a-22-g0ed2b0b
     0 | D:1      | 0 ||| qw: Game counter: 6218
     0 | D:1      | 0 ||| qw: Melee chars always use a shield: true
     0 | D:1      | 0 ||| qw: God list: Okawaru
     0 | D:1      | 0 ||| qw: Allow faded altars: false
     0 | D:1      | 0 ||| qw: Do Orc after clearing Dungeon:15 true
     0 | D:1      | 0 ||| qw: Do second Lair branch before Depths: true
     0 | D:1      | 0 ||| qw: Lair rune preference: random
     0 | D:1      | 0 ||| qw: Goals: Normal
     0 | D:1      | 0 ||| PLANNING D:1-11
   411 | D:1      | Reached XP level 2. HP: 16/16 MP: 4/4
   453 | D:1      | Reached skill level 6 in Ranged Weapons
   610 | D:1      | 610 ||| UPGRADING to +0 ring mail.
   620 | D:1      | 620 ||| DROPPING +0 leather armour.
   621 | D:1      | 621 ||| UPGRADING to ring of poison resistance.
   622 | D:1      | 622 ||| READING scroll labelled LOEXUO DOQIEBB.
   623 | D:1      | 623 ||| DROPPING scroll of butterflies.
   908 | D:2      | Reached XP level 3. HP: 20/20 MP: 5/5
  1026 | D:2      | Found a runed translucent door.
  1027 | D:2      | Noticed Crazy Yiuf
  1175 | D:2      | 1175 ||| READING 2 scrolls labelled GEH VI WUMOXEZ.
  1208 | D:2      | 1208 ||| READING 2 scrolls of identify.
  1208 | D:2      | 1208 ||| IDENTIFYING lumpy coppery potion
  1209 | D:2      | 1209 ||| DROPPING potion of berserk rage.
  1238 | D:3      | Noticed Natasha
  1246 | D:3      | HP: 4/20 [cerulean imp/+2 spear[Natasha] (3)]
  1247 | D:3      | 1247 ||| READING scroll of teleportation.
  1247 | D:3      | Killed from afar by Natasha

Levels and vault maps discovered:
D:1:      roderic_octagonal_star, layout_basic
D:2:      layout_rooms, uniq_crazy_yiuf_cottage
D:3:      layout_basic, lemuel_coloured_pillars_altar, minmay_misc_feat_tower,
          uniq_natasha

Skill      XL: |  1  2 |
---------------+-------+-----
Ranged Weapons | 6 |  6.9
Fighting       | |  1.5
Dodging        | |  2.4
Stealth        | |  1.2

Action                     || total
---------------------------++-------
   Fire: Shortbow          ||    65
    Use: Scroll            ||     4
 Armour: Leather armour    ||     3
         Ring mail         ||     3
  Dodge: Dodged            ||    22

Table legend:
 A = Non-vault XP
 B = Vault XP
 C = Vault XP percentage of total XP
 D = Non-vault monster count
 E = Vault monster count
 F = Vault count percentage of total count
                 A         B        C        D         E       F
            +---------+---------+-------+---------+---------+-------
      Total |      57 |       0 |   0.0 |      17 |       0 |   0.0
            +---------+---------+-------+---------+---------+-------
        D:1 |      15 |       0 |   0.0 |       9 |       0 |   0.0
        D:2 |      42 |       0 |   0.0 |       8 |       0 |   0.0
            +---------+---------+-------+---------+---------+-------
